 Dungeon Crawl Stone Soup version 0.26-a0-996-g6b303dbc09 (webtiles) character file.

Game seed: 4592795382430179047

266 Morbidden the Sneak (level 6, 0/44 HPs)
             Began as a Demonspawn Enchanter on Dec 6, 2020.
             Killed from afar by an orc wizard (7 damage)
             ... with a magic dart
             ... on level 4 of the Dungeon.
             The game lasted 00:05:51 (3841 turns).

Morbidden the Sneak (Demonspawn Enchanter)          Turns: 3841, Time: 00:05:52

Health: 0/44       AC:  3    Str:  8    XL:     6   Next: 0%
Magic:  5/10       EV: 13    Int: 18    God:
Gold:   184        SH:  0    Dex: 14    Spells: 5/11 levels left

rFire    . . .     SeeInvis .   f - +0 short sword (venom)
rCold    . . .     Faith    .   (no shield)
rNeg     . . .     Spirit   .   b - +0 robe
rPois    .         Reflect  .   m - +0 helmet
rElec    .         Harm     .   (no cloak)
rCorr    .         Rampage  .   (no gloves)
MR       .....                  (no boots)
Stlth    ++........             (no amulet)
HPRegen  0.14/turn              (no ring)
MPRegen  0.12/turn              (no ring)

@: no status effects
A: talons 1, sturdy frame 1
a: no special abilities


You were on level 4 of the Dungeon.
You visited 1 branch of the dungeon, and saw 4 of its levels.

You collected 184 gold pieces.

Inventory:

Hand Weapons
 a - a +1 dagger
 f - a +0 short sword of venom (weapon)
Armour
 b - a +0 robe (worn)
 m - a +0 helmet (worn)
Wands
 q - a wand of digging (5)
 s - a wand of flame (17)
Scrolls
 c - a scroll of random uselessness {unknown}
 g - 4 scrolls of remove curse {unknown}
 h - 4 scrolls of identify {unknown}
 j - a scroll of amnesia {unknown}
 l - 2 scrolls of teleportation {unknown}
 t - 2 scrolls of magic mapping {unknown}
Potions
 d - a potion of lignification {unknown}
 e - 3 potions of curing {unknown}
 i - a potion of cancellation {unknown}
 k - 3 potions of mutation {unknown}
 n - 2 potions of flight {unknown}
 o - a potion of ambrosia {unknown}
 p - a potion of heal wounds {unknown}
 r - a potion of degeneration {unknown}


   Skills:
 * Level 2.0 Fighting
 + Level 2.2 Short Blades
 * Level 2.7 Dodging
 + Level 3.6 Stealth
 * Level 3.0 Spellcasting
 * Level 3.5 Hexes
 + Level 1.0 Ice Magic


You had 5 spell levels left.
You knew the following spells:

 Your Spells              Type           Power        Failure   Level
a - Corona                Hex            ###....      3%          1
b - Ensorcelled Hibernat  Hex/Ice        ##....       10%         2
c - Tukima's Dance        Hex            ###.....     11%         3

Your spell library contained the following spells:

 Spells                   Type           Power        Failure   Level
 Confusing Touch          Hex            ###.....     11%         3
 Dazzling Flash           Conj/Hex       #.....       24%         3


Dungeon Overview and Level Annotations

Branches:
Dungeon (4/15)
 Temple: D:4-7

Altars:
Gozag
Zin


Innate Abilities, Weirdness & Mutations

You have sharp toenails.
Your movements are slightly less encumbered by armour. (ER -2)


Message History

Unknown command.
You hit something but do no damage. Your kick misses something.
You hear some strange, mumbled words.
A puff of frost appears from out of thin air!
The puff of frost misses you.
Unknown command.
You hear some strange, mumbled words.
A puff of frost appears from out of thin air!
The puff of frost misses you.
The orc priest casts a cantrip, but nothing happens.
Unknown command.
Something hits you.
You hear some strange, mumbled words.
A puff of flame appears from out of thin air!
The puff of flame hits you!
* * * LOW HITPOINT WARNING * * *
The orc priest looks satisfied for a moment.
A magic dart appears from out of thin air!
The magic dart hits you!
You die...

#.#.#####...# #.......#.#
#...........#.#.........#
###o#####...#...........#
#o)o.###.#####......†.#
####.# #.#######.......
#o# #..............# #.#
##>#######.##.## #{####.#
#...... #..@...# #######
########


There were no monsters in sight!

Vanquished Creatures
  2 orc wizards
  Natasha (thrice) (D:2)
  A worker ant (D:4)
  Robin (D:2)
  2 adders
  A worm (D:3)
  A dart slug (D:2)
  5 leopard geckos
  7 orcs
  5 bats
  2 giant cockroaches
  12 hobgoblins
  4 kobolds
  A ball python skeleton (D:4)
  8 frilled lizards
  10 goblins
  7 rats
72 creatures vanquished.

Notes
Turn   | Place    | Note
-------+----------+-------------------------------------------
     0 | D:1      | Morbidden the Demonspawn Enchanter began the quest for the
                  | Orb.
     0 | D:1      | Reached XP level 1. HP: 13/13 MP: 3/3
    16 | D:1      | Reached skill level 1 in Short Blades
   338 | D:1      | Gained mutation: You have sharp toenails. [demonic
                  | ancestry]
   338 | D:1      | Reached XP level 2. HP: 5/19 MP: 5/5
   604 | D:1      | Learned a level 2 spell: Ensorcelled Hibernation
  1516 | D:2      | Noticed Robin
  1541 | D:2      | Killed Robin
  1542 | D:2      | Reached XP level 3. HP: 23/25 MP: 1/6
  1699 | D:2      | Reached skill level 1 in Fighting
  1883 | D:2      | Noticed Natasha
  1889 | D:2      | Killed Natasha
  1890 | D:2      | Reached XP level 4. HP: 25/32 MP: 4/7
  2165 | D:2      | Noticed Natasha
  2171 | D:2      | Killed Natasha
  2408 | D:2      | Found an opulent altar of Gozag.
  2409 | D:2      | Found a glowing silver altar of Zin.
  2606 | D:2      | Noticed Natasha
  2611 | D:2      | Killed Natasha
  2683 | D:2      | Gained mutation: Your movements are slightly less
                  | encumbered by armour. (ER -2) [demonic ancestry]
  2683 | D:2      | Reached XP level 5. HP: 23/38 MP: 4/8
  3645 | D:3      | Learned a level 3 spell: Tukima's Dance
  3834 | D:4      | Reached skill level 1 in Ice Magic
  3834 | D:4      | Reached XP level 6. HP: 20/44 MP: 5/10
  3841 | D:4      | Killed from afar by an orc wizard

Illustrated notes

Levels and vault maps discovered:
D:1:      ebering_trefoil_3fold, layout_basic, serial_rivers,
          chequers_serial_rivers_small_3, chequers_serial_rivers_micro_a,
          chequers_serial_rivers_large_b, chequers_serial_rivers_micro_b,
          chequers_serial_rivers_micro_b
D:2:      layout_basic, grunt_temple_overflow_gold_and_silver, uniq_natasha,
          uniq_robin
D:3:      layout_basic
D:4:      layout_loops_ring, corexii_leaking_fountain

Skill      XL: |  1  2  3  4  5 |
---------------+----------------+-----
Short Blades   | 1 2 |  2.2
Dodging        | 2 |  2.7
Stealth        | 3 |  3.6
Fighting       | 1 2 |  2.0
Spellcasting   | 3 |  3.0
Ice Magic      | 1 |  1.0
Hexes          | |  3.5

Action                   |  1- 3 |  4- 6 || total
-------------------------+-------+-------++-------
Melee: Dagger            |    32 |       ||    32
       Short sword       |    45 |    84 ||   129
       Kick              |     6 |    16 ||    22
 Cast: Corona            |    10 |     7 ||    17
       Ensorcelled Hiber |    11 |    16 ||    27
 Stab: Sleeping          |     7 |    17 ||    24
Armor: Robe              |     9 |    19 ||    28
Dodge: Dodged            |    51 |    67 ||   118

Table legend: (Time is in decaauts)
 A = Elapsed time spent in this place.
 B = Non-inter-level travel time spent in this place.
 C = Inter-level travel time spent in this place.
 D = Time resting spent in this place.
 E = Time spent auto-exploring this place.
 F = Levels seen in this place.
 G = Mean time per level.
                   A        B        C        D        E       F      G
               +--------+--------+--------+--------+--------+-----+--------+
         Total |   3877 |   3833 |     44 |    258 |   2995 |   4 |  969.2 |
       Dungeon |   3877 |   3833 |     44 |    258 |   2995 |   4 |  969.2 |
               +--------+--------+--------+--------+--------+-----+--------+

Top non-repeatable levels by time:
     D:2: 1565 daAuts
     D:1: 1265 daAuts
     D:3: 919 daAuts
     D:4: 126 daAuts
